[Event "Mistrovství Čech mládeže 2023 - HD16"]
[Site "Harrachov, Czech Republic"]
[Date "2023.10.23"]
[Round "3.17"]
[White "Dudarec, Elias"]
[Black "Mrázek, Adam"]
[Result "1/2-1/2"]
[TimeControl "90m + 30s"]
[WhiteElo "1535"]
[BlackElo "1669"]

1. e4 c5 2. Nf3 Nc6 3. d4 cxd4 4. Nxd4 Nf6 5. Nc3 e5 6. Nxc6 bxc6 7. Bd3 Bc5 8. O-O O-O 9. Kh1 d5 10.
Bg5 Be6 11. Qe1 h6 12. Bh4 g5 13. Bg3 d4 14. Ne2 Bd6 15. Nxd4 exd4 16. Bxd6 Qxd6 17. e5 Qd7 18. exf6 Bf5 19.
Qd2 Bxd3 20. Qxd3 Rfe8 21. Rae1 Qg4 22. f3 Qf4 23. Re4 Rxe4 24. fxe4 Qe3 25. Qxe3 dxe3 26. Re1 Rd8 27. h3 Rd2 28.
Rxe3 Rxc2 29. Ra3 Rxb2 30. Rxa7 c5 31. a4 Ra2 32. Kh2 c4 33. e5 c3 34. Rc7 Rxa4 35. Rxc3 Re4 36. Rc8+ Kh7 37.
Re8 h5 38. Re7 Kg6 39. Kg3 Re3+ 40. Kf2 Re4 41. Kf3 Re1 42. g4 h4 43. Re8 Ra1 44. Rg8+ Kh6 45. Rh8+ Kg6 46. Rg8+ Kh6 47.
Rh8+ Kg6 48. Rd8 Ra3+ 49. Kg2 Ra2+ 50. Kg1 Ra1+ 51. Kf2 Ra2+ 52. Ke1 Ra3 53. Rg8+ Kh6 54. e6 Re3+ 55. Kf2 Rxe6 56.
Kf3 Rxf6+ 57. Ke4 Rf4+ 58. Ke3 Ra4 59. Kf2 Ra2+ 60. Kg1 Ra5 61. Rb8 Kg7 62. Rb3 Ra2 63. Rb6 Re2 64. Kf1 Re6 65.
Rb5 Kf6 66. Rf5+ Kg6 67. Rb5 Re3 68.
Kg2 Re4 69. Rf5 Ra4 70. Kf2 f6 71. Kg2 Kf7 72. Kf3 Ke6 73. Kg2 Rd4 74. Ra5 Rd5 75. Rxd5 Kxd5 76. Kf1 Ke5 77. Ke1 f5 78.
gxf5 Kxf5 79. Kf1 Ke5 80. Ke1 Kd5 81. Kf1 Kd4 82. Kf2 Ke4 83. Ke2 Kf4 84. Kf2 Kf5 85. Kf3 Ke5 86. Ke3 g4 87.
hxg4 h3 88. Kf3 h2 89. Kg2 Kf4 90.
Kxh2 Kxg4 1/2-1/2

[Event "Mistrovství Čech mládeže 2023 - HD16"]
[Site "Harrachov, Czech Republic"]
[Date "2023.10.23"]
[Round "3.18"]
[White "Vlček, Vojtěch"]
[Black "Archlebová, Stela"]
[Result "1-0"]
[TimeControl "90m + 30s"]
[WhiteElo "1661"]
[BlackElo "1381"]

1. d4 d5 2. c4 c6 3. Nf3 Nf6 4. Nc3 Bf5 5. cxd5 cxd5 6. Qb3 Qc8 7. Nxd5 Nxd5 8. Qxd5 e6 9. Qb5+ Nc6 10.
Bd2 Qd7 11. e3 Be7 12. Be2 O-O 13. O-O Rfd8 14.
Rac1 Be4 15. Rfd1 a6 16. Qb3 Rac8 17. Bc3 Bd5 18. Bc4 Bxc4 19. Qxc4 Bf6 20. Qe2 Ne7 21. e4 Nc6 22. Qe3 Qc7 23.
d5 exd5 24. exd5 Re8 25. Qd2 Bxc3 26. Rxc3 Rcd8 27. Qc1 Qd7 28. a3 Ne5 29. Nxe5 Rxe5 30. d6 Qe6 31. Rc7 Rd5 32. d7 h6 33.
Re1 Qd6 34. Qc2 g6 35. Rxb7 Rxd7 36. Rxd7 Qxd7 37. h3 Rd2 38. Qc3 Qd6 39. Re8+ Kh7 40. Qh8# 1-0

[Event "Mistrovství Čech mládeže 2023 - HD16"]
[Site "Harrachov, Czech Republic"]
[Date "2023.10.23"]
[Round "3.19"]
[White "Krupka, Aleš"]
[Black "Janoušková, Adéla"]
[Result "1-0"]
[TimeControl "90m + 30s"]
[WhiteElo "1444"]
[BlackElo "1638"]

1. e4 c5 2. Nf3 d6 3. Bb5+ Bd7 4. Bxd7+ Qxd7 5. h3 Nc6 6. d3 g6 7. c4 Bg7 8. Nc3 e6 9. Bf4 a6 10.
Rb1 Nge7 11. O-O O-O 12. Re1 Nd4 13. a3 Nec6 14. Nxd4 Nxd4 15. Ne2 e5 16. Be3 f5 17. Nc3 f4 18.
Bxd4 cxd4 19. Nd5 Rad8 20. f3 Bf6 21. Qc2 Bh4 22. Red1 h5 23. Kf1 g5 24. Ke2 g4 25. hxg4 hxg4 26.
Rh1 Bg3 27. Rh5 Qg7 28. Rbh1 Rf7 29. c5 Rc8 30. Qb3 Rxc5 31. Ne7+ Kf8 32. Nf5 Rxf5 33. Rxf5+ Ke8 34. Qe6+ Kd8 35.
Qxd6+ 1-0

[Event "Mistrovství Čech mládeže 2023 - HD16"]
[Site "Harrachov, Czech Republic"]
[Date "2023.10.23"]
[Round "3.20"]
[White "Hrubý, Filip"]
[Black "Dudková, Josefína"]
[Result "1-0"]
[TimeControl "90m + 30s"]
[WhiteElo "1386"]
[BlackElo "1587"]

1. e4 c5 2. Nf3 Nc6 3. c3 g6 4. d4 cxd4 5. Nxd4 Bg7 6. Be3 Nf6 7. Nxc6 bxc6 8. Nd2 O-O 9. Be2 d5 10.
exd5 cxd5 11. Nf3 Qc7 12. Bd4 Re8 13. Bxf6 Bxf6 14. O-O Rb8 15. Qd2 Qb7 16. Rab1 e5 17. Bd1 Be6 18. Bb3 d4 19.
Bxe6 Rxe6 20. cxd4 exd4 21. Rfd1 Rd8 22. Qd3 Qd5 23. a3 Qe4 24. Ne1 Qe2 25. Qxe2 Rxe2 26. Nd3 Rb8 27. Kf1 Rc2 28.
Rbc1 Rbc8 29. Rxc2 Rxc2 30. Ke1 Kf8 31. Rc1 Rxc1+ 32. Nxc1 Ke7 33. Ke2 Kd6 34. Kd3 Kd5 35. b4 Bd8 36.
Nb3 Bb6 37. a4 a6 38. a5 Ba7 39. f3 h5 40. g4 hxg4 41. fxg4 g5 42. Nd2 Ke5 43. Nb3 Kd5 44. Nd2 Ke5 45.
Nf3+ Kf4 46. Nxd4 Kxg4 47. Nc6 Bg1 48. Nd4 Bxh2 49. b5 axb5 50. a6 Bb8 51. Nc6 Ba7 52. Nxa7 f5 53. Nxb5 f4 54.
a7 f3 55. a8=Q Kg3 56. Nd4 g4 57. Nxf3 gxf3 58. Ke3 f2 59. Qf3 1-0

[Event "Mistrovství Čech mládeže 2023 - HD16"]
[Site "Harrachov, Czech Republic"]
[Date "2023.10.23"]
[Round "4.1"]
[White "Andrle, Filip"]
[Black "Davídek, Zdeněk"]
[Result "1/2-1/2"]
[TimeControl "90m + 30s"]
[WhiteElo "1830"]
[BlackElo "2110"]

1. e4 e5 2. Nf3 Nc6 3. Bc4 Nf6 4. d3 Be7 5. c3 O-O 6. O-O d5 7. exd5 Nxd5 8. Nbd2 Bg4 9. h3 Bh5 10.
Ne4 Re8 11. Re1 Bg6 12. d4 exd4 13. Nxd4 Nxd4 14. Qxd4 Nb6 15. Qd3 Qxd3 16. Bxd3 Rad8 17. Bc2 Bf8 18. Bf4 Nd5 19. Bg3 c6 20.
Rad1 Bh5 21. f3 Bg6 22. Bb3 b6 23. a3 f5 24. Ng5 Bf7 1/2-1/2

[Event "Mistrovství Čech mládeže 2023 - HD16"]
[Site "Harrachov, Czech Republic"]
[Date "2023.10.23"]
[Round "4.2"]
[White "Kučina, Ondřej"]
[Black "Hrbek, Jáchym"]
[Result "1-0"]
[TimeControl "90m + 30s"]
[WhiteElo "1592"]
[BlackElo "1973"]

1. d4 Nf6 2. c4 c5 3. e3 g6 4. Nf3 Bg7 5. b3 O-O 6. Bb2 d5 7. dxc5 Qa5+ 8. Nbd2 Nbd7 9. Be2 dxc4 10.
Bxc4 Nxc5 11. O-O b5 12. Be2 Bf5 13. Nd4 Rfd8 14. a3 Ne6 15. b4 Qb6 16. Nxf5 gxf5 17. Qe1 Rac8 18. Rc1 Ne4 19.
Rxc8 Rxc8 20. Bxg7 Nxd2 21. Qxd2 Nxg7 22. Qd7 Qc7 23. Qxc7 Rxc7 24. Bxb5 Rc3 25. Ra1 Nh5 26. Kf1 Nf6 27.
Be2 Rb3 28. b5 Ne4 29. a4 Rb4 30. Bd3 Rb2 31. Bxe4 fxe4 32. Rc1 Rb4 33. Rc8+ Kg7 34. Ra8 Rxa4 35. b6 Rb4 36. bxa7 Ra4 37.
Ke1 Kf6 38. Kd2 Ke6 39. Kc3 f6 40. Kb3 Ra1 41. Kc4 Kd7 42. Kd4 Ra4+ 43. Kc5 Ra1 44. f3 exf3 45. gxf3 Ra4 46. Kb6 Ra1 47.
Rh8 Rb1+ 48. Kc5 1-0

[Event "Mistrovství Čech mládeže 2023 - HD16"]
[Site "Harrachov, Czech Republic"]
[Date "2023.10.23"]
[Round "4.3"]
[White "Hozda, Max"]
[Black "Síleš, Jan"]
[Result "1-0"]
[TimeControl "90m + 30s"]
[WhiteElo "2105"]
[BlackElo "1839"]

1. d4 Nf6 2. c4 c5 3. d5 b5 4. cxb5 a6 5. e3 e6 6. Nc3 exd5 7. Nxd5 Bb7 8. Nxf6+ Qxf6 9. bxa6 Nxa6 10.
Bd2 Be7 11. a3 O-O 12. Bc3 Qe6 13. Nf3 d5 14. Be2 d4 15. exd4 Bxf3 16. gxf3 Rfd8 17. d5 Rxd5 18. Qa4 Nc7 19.
Qe4 Qd7 20. Rg1 Bf8 21. Qh4 Re8 22. Kf1 Rd6 23. Bc4 Re7 24. a4 Ne8 25. a5 Qf5 26. Qg4 Qc2 27. Qf4 Rdd7 28. Rc1 Rd1+ 29. Rxd1 Qxd1+ 30. Kg2 Qd7 31.
Kh1 Nd6 32. Bd3 c4 33. Bc2 Re6 34. Qh4 h6 35. Qd4 f6 36. Bf5 Qe7 37. Bxe6+ Qxe6 38. Re1 Qf5 39. Qe3 Kh8 40. Bb4 c3 41.
Bxc3 Qh3 42. f4 Qh5 43. Ra1 Nf5 44. Qe4 Nh4 45. Rg1 Nf3 46. Rg2 Bc5 47. Bxf6 1-0

[Event "Mistrovství Čech mládeže 2023 - HD16"]
[Site "Harrachov, Czech Republic"]
[Date "2023.10.23"]
[Round "4.4"]
[White "Novotný, Dominik"]
[Black "Svoboda, Daniel"]
[Result "1-0"]
[TimeControl "90m + 30s"]
[WhiteElo "1929"]
[BlackElo "1766"]

1. e4 c5 2. b3 g6 3. Bb2 Nf6 4. Qf3 Nc6 5. Bc4 d6 6. h3 Bg7 7. Bb5 O-O 8. Bxc6 bxc6 9. Nc3 d5 10.
O-O-O Bb7 11. d3 Qa5 12. Kb1 Nd7 13. Na4 Nb6 14. Bxg7 Kxg7 15. Nb2 Qa3 16. d4 dxe4 17. Qxe4 Nd5 18.
Ne2 Ba6 19. c4 Nb4 20. Nc3 Bc8 21. g4 f5 22. Qxe7+ Kg8 23. f3 Rf7 24. Qe2 cxd4 25. Rxd4 Bb7 26. Rhd1 Qa5 27. Rd7 Raf8 28.
Rxf7 Rxf7 29. Qe8+ Rf8 30. Qe6+ Kh8 31. Qe7 1-0

[Event "Mistrovství Čech mládeže 2023 - HD16"]
[Site "Harrachov, Czech Republic"]
[Date "2023.10.23"]
[Round "4.5"]
[White "Dvořák, Jan"]
[Black "Tesař, Jakub"]
[Result "1/2-1/2"]
[TimeControl "90m + 30s"]
[WhiteElo "1789"]
[BlackElo "1893"]

1. e4 e6 2. d4 d5 3. exd5 exd5 4. c4 Nf6 5. Nc3 Be7 6. Nf3 O-O 7. Bd3 dxc4 8. Bxc4 Nbd7 9. O-O Nb6 10.
Bb3 Bg4 11. Qd3 Bh5 12. Ne5 Bd6 13. Qg3 c6 14. Bg5 Bg6 15. f4 Bf5 16. Bd1 Be7 17. Qf2 Ne4 18. Bxe7 Qxe7 19. Nxe4 Bxe4 20.
f5 Qd6 21. Qe3 Bd5 22. f6 Rfe8 23. Qg5 Qf8 24. Bc2 g6 25. Rf4 Rad8 26. Rh4 Rxe5 27. Qxe5 Re8 28. Qg5 Re2 29. Bb3 1/2-1/2

[Event "Mistrovství Čech mládeže 2023 - HD16"]
[Site "Harrachov, Czech Republic"]
[Date "2023.10.23"]
[Round "4.6"]
[White "Pressler, Tobias"]
[Black "Vlček, Vojtěch"]
[Result "1-0"]
[TimeControl "90m + 30s"]
[WhiteElo "1965"]
[BlackElo "1661"]

1. e4 c6 2. d4 d5 3. exd5 cxd5 4. c3 Nf6 5. Nf3 Nc6 6. Bf4 Bf5 7. Qb3 Qc8 8. Ne5 e6 9. Bb5 a6 10.
Bxc6+ bxc6 11. O-O Nd7 12. c4 Be7 13. cxd5 exd5 14. Nd2 Nxe5 15. Bxe5 O-O 16. Rac1 Bg5 17. Qg3 f6 18. Bf4 Bxf4 19.
Qxf4 Rb8 20. b3 a5 21. Qd6 Bd7 22. Rfe1 Rd8 23. Re7 Be8 24. Qg3 Bg6 25. Rc7 Qe6 26. R7xc6 Qe2 27. Qf4 Re8 28.
h3 Ra8 29. Rc7 a4 30. Rb7 Re7 31. Rcc7 Rae8 32. bxa4 Kf7 33. a5 Bd3 34. Nf3 Kg8 35. Qd6 Kf8 36. Rxe7 Rxe7 37. Ne5 1-0

[Event "Mistrovství Čech mládeže 2023 - HD16"]
[Site "Harrachov, Czech Republic"]
[Date "2023.10.23"]
[Round "4.7"]
[White "Veverka, Vladimír"]
[Black "Ocelák, David"]
[Result "1-0"]
[TimeControl "90m + 30s"]
[WhiteElo "1849"]
[BlackElo "1580"]

1. d4 Nf6 2. c4 e6 3. Nc3 Bb4 4. Qc2 b6 5. e4 Bb7 6. Bd3 Bxc3+ 7. bxc3 d6 8. Nf3 Nbd7 9. a4 h6 10.
O-O O-O 11. h3 e5 12. Bd2 Re8 13. Rae1 Re7 14. d5 Nc5 15. Be3 Nfd7 16. Nh4 Bc8 17. Nf5 Re8 18. f4 exf4 19. Rxf4 Ne5 20.
Bxc5 bxc5 21. Qe2 Qg5 22. Ref1 g6 23. h4 Qh5 24. g4 Nxg4 25. Qxg4 Qxg4+ 26. Rxg4 Kh7 27. Nxh6 Kxh6 28. Rgf4 f5 29.
exf5 Bxf5 30. Bxf5 gxf5 31. Rxf5 Re4 32. R1f4 Rae8 33. Kg2 Re2+ 34. Kg3 R8e3+ 35. Rf3 Rxf3+ 36. Kxf3 Rc2 37. Kg4 Rxc3 38.
Rf4 Ra3 39. Kf5 Rxa4 40. Ke6 Rb4 41. Kd7 a5 42. Kxc7 a4 43. Kxd6 a3 44. Kxc5 Ra4 45. Rf1 Kh5 46. d6 a2 47.
d7 1-0

[Event "Mistrovství Čech mládeže 2023 - HD16"]
[Site "Harrachov, Czech Republic"]
[Date "2023.10.23"]
[Round "4.8"]
[White "Kaplanová, Dominika"]
[Black "Kohm, Patrik"]
[Result "1/2-1/2"]
[TimeControl "90m + 30s"]
[WhiteElo "1782"]
[BlackElo "1475"]

1. d4 Nf6 2. c4 g6 3. Nc3 Bg7 4. e4 d6 5. Bd3 O-O 6. Nge2 e5 7. d5 a5 8. O-O Na6 9. a3 Bd7 10.
f3 Ne8 11. Be3 f5 12. exf5 gxf5 13. f4 Kh8 14. Ng3 Nf6 15. h3 e4 16. Bc2 Rg8 17. Nce2 Qe8 18. Rb1 Nh5 19. Kh2 h6 20.
Nxh5 Qxh5 21. g3 b5 22. cxb5 Bxb5 23. Nd4 Qe8 24. Rg1 Bd7 25. b4 axb4 26. axb4 Kh7 27. Rg2 Qf7 28. b5 Nc5 29.
Nc6 Ra2 30. Bxc5 dxc5 31. Bb3 Rxg2+ 32. Kxg2 Bf6 33. Kh2 Qg6 34. Qg1 Bd4 35. Nxd4 cxd4 36. d6 Be6 37. dxc7 Bxb3 38. Rxb3 Qf7 39.
Rb2 Qc4 40. b6 Qc3 41. Qg2 d3 42. Qd2 Qg7 43. Qg2 e3 44. Rb3 d2 45. Rd3 Qe7 46. Qe2 Qc5 47. b7 Qxc7 48. Qxe3 Qxb7 49.
Qxd2 Rg7 50. Qg2 Qf7 1/2-1/2

[Event "Mistrovství Čech mládeže 2023 - HD16"]
[Site "Harrachov, Czech Republic"]
[Date "2023.10.23"]
[Round "4.9"]
[White "Mikhno, Artem"]
[Black "Krupka, Aleš"]
[Result "0-1"]
[TimeControl "90m + 30s"]
[WhiteElo "1781"]
[BlackElo "1444"]

1. d4 d5 2. c4 e6 3.
Nc3 Nf6 4. Bg5 Nbd7 5. e3 c6 6. Nf3 Qa5 7. cxd5 cxd5 8. Bxf6 Nxf6 9. Ne5 Bb4 10. Qb3 O-O 11. Bd3 a6 12. O-O Bd6 13.
Nf3 b5 14. e4 dxe4 15. Nxe4 Nxe4 16.
Bxe4 Ra7 17. Ne5 Bb7 18. Qf3 Bxe4 19. Qxe4 Rc7 20. f4 Bxe5 21. dxe5 Qd2 22. b3 Rc2 23. Rfd1 Qf2+ 24. Kh1 Rxa2 25.
h3 Qb2 26. Rab1 Qf2 27. Rbc1 Re2 28. Qb7 Qxf4 29. Qe7 g6 30. Rc6 Qe4 31. Qg5 Qxc6 32. Rd8 Qc5 33. h4 Re1+ 34. Kh2 Qxe5+ 0-1

[Event "Mistrovství Čech mládeže 2023 - HD16"]
[Site "Harrachov, Czech Republic"]
[Date "2023.10.23"]
[Round "4.10"]
[White "Tegda, Vojtěch"]
[Black "Hrubý, Filip"]
[Result "1-0"]
[TimeControl "90m + 30s"]
[WhiteElo "1731"]
[BlackElo "1386"]

1. e4 c6 2. d4 d5 3. f3 Nf6 4. Nc3 dxe4 5. fxe4 Bg4 6. Nf3 e6 7. Be3 Bb4 8. Bd3 Nbd7 9. O-O O-O 10.
e5 Nd5 11. Nxd5 cxd5 12. c3 Be7 13. Qc2 f5 14. Qd2 Bxf3 15. gxf3 Bh4 16. Kh1 a6 17. Rg1 g6 18. Rg2 b5 19.
Rag1 Rf7 20. Bh6 Nf8 21. Qf4 Raa7 22. Bc2 Rab7 23. a4 Be7 24. axb5 axb5 25. Bd3 Qd7 26. h4 Qd8 27. h5 Kh8 28.
Bxf8 Bxf8 29. hxg6 hxg6 30. Rxg6 Rh7+ 31. Kg2 Rbg7 32. Kf2 Rxg6 33. Rxg6 Qd7 34. Qg5 Bg7 35. Bxb5 Qc8 36. Qe7 Bxe5 37.
Qxe6 Qxe6 38. Rxe6 Rh2+ 39. Ke3 Rxb2 40. Rxe5 Rxb5 41. Rxf5 Kg7 42. Kf4 Rb3 43. Rxd5 Rxc3 44. Rf5 Rb3 45. d5 Kg6 46. Ke4 Rb4+ 47. Ke5 Rb5 48. Rf4 Rb1 49.
d6 Re1+ 50. Re4 Rd1 51. Ke6 Ra1 52. Rg4 Kh7 53. d7 Ra6+ 54. Ke7 Ra7 55. Ke8 1-0

[Event "Mistrovství Čech mládeže 2023 - HD16"]
[Site "Harrachov, Czech Republic"]
[Date "2023.10.23"]
[Round "4.11"]
[White "Stein, Michael"]
[Black "Bohatyrov, Mykola"]
[Result "1-0"]
[TimeControl "90m + 30s"]
[WhiteElo "1717"]
[BlackElo "1725"]

1. e4 d6 2. d4 Nf6 3. Nc3 g6 4. f4 Bg7 5. Nf3 O-O 6. h3 c5 7. d5 e6 8. dxe6 Bxe6 9. Be3 Qe7 10.
Qd2 Nc6 11. O-O-O Rfd8 12. Qf2 b6 13. Bb5 Qc7 14. g4 a6 15. Be2 b5 16. f5 Bc8 17. g5 Nd7 18. f6 Bf8 19. Nd5 Qb7 20.
h4 Nde5 21. Nxe5 Nxe5 22. h5 b4 23. Qh4 Be6 24. hxg6 fxg6 25. f7+ Kxf7 26. Qxh7+ Bg7 27. Rdf1+ Ke8 28. Nf6+ 1-0

[Event "Mistrovství Čech mládeže 2023 - HD16"]
[Site "Harrachov, Czech Republic"]
[Date "2023.10.23"]
[Round "4.12"]
[White "Vyšinský, Otakar"]
[Black "Sochor, Antonín"]
[Result "1-0"]
[TimeControl "90m + 30s"]
[WhiteElo "1599"]
[BlackElo "1702"]

1. e4 d6 2. d4 g6 3. Nc3 Bg7 4. Be3 Nd7 5. f3 c6 6. Qd2 a6 7. Nh3 b5 8. d5 c5 9. Nf2 Bb7 10.
Be2 Rc8 11. O-O Ngf6 12. Bh6 O-O 13. Ncd1 Ne5 14. Bxg7 Kxg7 15. f4 Ned7 16. c4 Qc7 17. Ne3 b4 18. Rae1 e6 19. b3 exd5 20.
exd5 Rce8 21. Bd3 Re7 22. Nf5+ gxf5 23. Rxe7 Qd8 24. Re3 Kh8 25. Bxf5 Rg8 26. Qb2 Bc8 27. Ne4 Rg7 28. Nxd6 Qf8 29.
Nxc8 Qxc8 30. Qxf6 Nxf6 31. Bxc8 Rg8 32. Bf5 1-0

[Event "Mistrovství Čech mládeže 2023 - HD16"]
[Site "Harrachov, Czech Republic"]
[Date "2023.10.23"]
[Round "4.13"]
[White "Mauder, Karel"]
[Black "Sadil, Antonín"]
[Result "0-1"]
[TimeControl "90m + 30s"]
[WhiteElo "1423"]
[BlackElo "1792"]

1. Nf3 d5 2. g3 c5 3. Bg2 Nc6 4. O-O e5 5. d3 Nf6 6. Nbd2 Be7 7. e4 d4 8. Nc4 Qc7 9. a4 b6 10.
Nh4 Be6 11. b3 O-O 12. f4 Bg4 13. Nf3 Bxf3 14. Qxf3 Nd7 15. f5 a6 16. h4 b5 17. Nb2 Nb4 18. Qe2 Rfc8 19. h5 h6 20.
Nd1 Qd8 21. c3 Nc6 22. c4 bxc4 23. bxc4 Bg5 24. Nf2 Rcb8 25. Nh3 Bxc1 26. Rfxc1 Rb3 27. Rab1 Rab8 28. Rxb3 Rxb3 29. Rc2 Qb8 30. g4 f6 31. Bf1 Qb4 32.
Ra2 Nb6 33. Qg2 Nxa4 34. g5 hxg5 35. Nxg5 Rb2 36. Rxb2 Qxb2 37. Qxb2 Nxb2 38. Ne6 Na4 39. Be2 Nb4 40. Kf2 a5 41.
Ke1 Na6 42. Kd2 Nc3 43. Bf3 a4 44. Kc1 a3 45. Bg2 Ne2+ 46. Kb1 Nf4 47. Nxf4 exf4 48. Ka2 Nb4+ 49. Kxa3 Nxd3 50. Ka4 Ne1 51.
Bf1 d3 0-1

[Event "Mistrovství Čech mládeže 2023 - HD16"]
[Site "Harrachov, Czech Republic"]
[Date "2023.10.23"]
[Round "4.14"]
[White "Garabik, Marek"]
[Black "Bárta, David"]
[Result "1-0"]
[TimeControl "90m + 30s"]
[WhiteElo "1697"]
[BlackElo "1558"]

1. e4 e5 2. Nf3 Nf6 3. Nxe5 Nc6 4. Nxc6 dxc6 5. d3 Bc5 6. Be2 O-O 7. c3 Qe7 8. Bg5 h6 9. Bxf6 Qxf6 10.
d4 Bb6 11. Nd2 Qg6 12. Bf3 f5 13. O-O fxe4 14. Bxe4 Bf5 15. Qc2 c5 16. Bxf5 Qxf5 17. Qxf5 Rxf5 18. dxc5 Rxc5 19. Nf3 Rd8 20.
Rad1 Rcd5 21. Rxd5 Rxd5 22. Re1 Kh7 23. b4 c6 24. c4 Rd7 25. Kf1 Bd8 26. Re8 Bf6 27. Ke2 Re7+ 28. Rxe7 Bxe7 29.
b5 c5 30. Ne5 Bd6 31. Nf3 Kg6 32. Ke3 Kf5 33. h3 Bf4+ 34. Kd3 h5 35. Nh4+ Kf6 36. Ke4 g5 37. Nf5 Bd2 38. Nd6 b6 39.
Nc8 Be1 40. f3 Bg3 41. Nxa7 Ke6 42. Nc6 Kf6 43. a3 h4 44. Kd5 Bc7 45. a4 Kf5 46. a5 bxa5 47. Kxc5 Kf4 48. b6 Bxb6+ 49. Kxb6 Kg3 50. Kxa5 Kxg2 51.
Ne5 Kxh3 52. c5 Kg3 53. c6 h3 54. Ng4 Kxf3 55. c7 Kxg4 56. c8=Q+ Kg3 57. Qc3+ Kg2 58. Qd2+ Kh1 59. Qe1+ Kg2 60.
Qe4+ Kg1 61. Qe3+ Kh2 62. Qf3 Kg1 63. Qxh3 g4 64. Qxg4+ 1-0

[Event "Mistrovství Čech mládeže 2023 - HD16"]
[Site "Harrachov, Czech Republic"]
[Date "2023.10.23"]
[Round "4.15"]
[White "Barták, Josef"]
[Black "Langmaier, Michal"]
[Result "1-0"]
[TimeControl "90m + 30s"]
[WhiteElo "1476"]
[BlackElo "1697"]

1. e4 c5 2. Nc3 a6 3. g3 b5 4. Bg2 Bb7 5. d3 Nf6 6. Nge2 e6 7. Nf4 d6 8. O-O Nc6 9. Nh3 Be7 10.
f4 Qb6 11. f5 c4+ 12. Kh1 cxd3 13. fxe6 fxe6 14. Qxd3 Ne5 15. Qe2 b4 16. Nd1 a5 17. Re1 Ba6 18. Qf2 Qxf2 19. Nhxf2 Kf7 20.
Ne3 Rac8 21. Bd2 Bd8 22. a3 b3 23. cxb3 Bb6 24. Rac1 Rhd8 25. Bc3 Nfd7 26. Bf1 Bxf1 27. Rxf1 Ke7 28.
Nfg4 Nd3 29. Rcd1 N3c5 30. Nc4 Nxe4 31. Nxb6 Nxb6 32. Bxa5 Rc6 33. Rf4 Nc5 34.
b4 Ncd7 35. Rdf1 Rdc8 36. Rf7+ Ke8 37. Rxg7 Nd5 38. Rxh7 Rc1 39. Rh8+ Ke7 40. Bd8+ Rxd8 41. Rh7+ 1-0

[Event "Mistrovství Čech mládeže 2023 - HD16"]
[Site "Harrachov, Czech Republic"]
[Date "2023.10.23"]
[Round "4.16"]
[White "Dominiková, Denisa"]
[Black "Martinkovič, Adam"]
[Result "0-1"]
[TimeControl "90m + 30s"]
[WhiteElo "1445"]
[BlackElo "1680"]

1. e4 c6 2. Nc3 d5 3. Nf3 Bg4 4. h3 Bh5 5. exd5 cxd5 6. Bb5+ Nc6 7. g4 Bg6 8. Ne5 Qd6 9. d4 a6 10.
Bxc6+ bxc6 11. h4 h6 12. f4 Bh7 13. Be3 Nf6 14. f5 Nd7 15. Nd3 e6 16. Qf3 exf5 17. gxf5 Qf6 18. Rf1 Qxh4+ 19. Kd2 Be7 20. Nf4 Nf6 21. Rg1 Bd6 22. Rxg7 Bxf4 23. Rh1 Bxe3+ 24. Kxe3 Ng4+ 25. Rxg4 Qf6 26. Rhg1 Kf8 27. Rf1 Rg8 28.
Rxg8+ Kxg8 29. Ne2 Re8+ 30. Kd2 Qg5+ 31. Kd1 Qf6 32. c3 Kf8 33. Ng3 Ke7 34. Qd3 Qg5 35. f6+ Kd8 36. Qxh7 Qxg3 37.
Qf5 Qe3 38. Qf3 Qxf3+ 39. Rxf3 Re6 40. Kc2 Kc7 41. Kb3 h5 42. Rf2 h4 43. Kb4 Kb6 44. b3 Re4 45. a4 a5+ 46. Ka3 Re3 47.
Kb2 h3 48. Rh2 Rg3 49. Ka3 Rxc3 50. Kb2 Rg3 51. Ka3 c5 52. dxc5+ Kxc5 53. Rh1 d4 54. Rc1+ Kd5 55. Rh1 Ke4 56.
Kb2 Rg2+ 57. Ka3 h2 58. b4 axb4+ 59. Kb3 d3 60. a5 Kd5 61. Kxb4 Kc6 62. Rc1+ Kb7 63. Rh1 d2 64. Kc5 Rg1 65.
Rxh2 d1=Q 66. Rb2+ Ka7 67. Kb4 Qd4+ 68. Ka3 Rg3+ 0-1

[Event "Mistrovství Čech mládeže 2023 - HD16"]
[Site "Harrachov, Czech Republic"]
[Date "2023.10.23"]
[Round "4.17"]
[White "Mrázek, Adam"]
[Black "Maršík, Ondřej"]
[Result "0-1"]
[TimeControl "90m + 30s"]
[WhiteElo "1669"]
[BlackElo "1459"]

1. c4 e5 2. g3 c6 3. d4 e4 4. a3 d5 5. Nc3 Nf6 6. Bg5 Be6 7. f3 exf3 8. Nxf3 Be7 9. Bg2 h6 10.
Bf4 Nbd7 11. O-O O-O 12. Qc2 dxc4 13. e4 Nb6 14. Rad1 Nh5 15. Be3 f5 16. Ne5 fxe4 17. Bxe4 Nf6 18.
Bg6 Nbd5 19. Nxd5 Qxd5 20. Qd2 Ne4 21. Qc2 Nf6 22. Qc1 Bh3 23. Rf2 Ng4 24. Rxf8+ Rxf8 25. Qc2 Nxe3 26. Bh7+ Kh8 27.
Ng6+ Kxh7 28. Nxf8+ Kg8 29. Qe2 Nxd1 30. Ng6 Qxd4+ 0-1

[Event "Mistrovství Čech mládeže 2023 - HD16"]
[Site "Harrachov, Czech Republic"]
[Date "2023.10.23"]
[Round "4.18"]
[White "Bauer, Sebastian"]
[Black "Dobsa, Emma"]
[Result "0-1"]
[TimeControl "90m + 30s"]
[WhiteElo "1366"]
[BlackElo "1616"]

1. d4 d5 2. Nf3 Nf6 3. c4 c6 4. g3 Bf5 5. Bg2 e6 6. O-O Nbd7 7. cxd5 cxd5 8. Nc3 h6 9. Re1 Be7 10.
Ne5 O-O 11. Qb3 Nxe5 12. dxe5 Nd7 13. e4 Nc5 14. Qd1 dxe4 15. Qxd8 Rfxd8 16. Nxe4 Bxe4 17. Bxe4 Nxe4 18. Rxe4 Rd1+ 19.
Kg2 Rc8 20. Bg5 Rxa1 21. Bxe7 Rxa2 22. Ba3 Ra1 23. Rd4 Re1 24. Rd7 Rxe5 25. Rxb7 Ra5 26. Bb4 Ra4 27. Bc3 Re8 28. f4 Ra8 29.
Kf3 Rc4 30. Ke3 Rc6 31. Kd3 a5 32. Bd4 a4 33. Ra7 Rxa7 34. Bxa7 Kf8 35. Bd4 f6 36. Bc3 Kf7 37. h4 Kg6 38.
g4 h5 39. g5 fxg5 40. fxg5 Rc7 41. Be5 Ra7 42. Ke4 a3 43. bxa3 Rxa3 44. Bd4 Ra4 45. Ke5 Rxd4 46. Kxd4 Kf5 47.
g6 Kxg6 48. Ke5 Kf7 49. Kf4 Kf6 50. Ke4 e5 0-1

[Event "Mistrovství Čech mládeže 2023 - HD16"]
[Site "Harrachov, Czech Republic"]
[Date "2023.10.23"]
[Round "4.19"]
[White "Večeř, Martin"]
[Black "Dudarec, Elias"]
[Result "1-0"]
[TimeControl "90m + 30s"]
[WhiteElo "1569"]
[BlackElo "1535"]

1. Nf3 d5 2. d4 Nf6 3. c4 e6 4. g3 g6 5. Bg2 Bg7 6. O-O O-O 7. Nc3 b6 8. Ne5 Bb7 9. cxd5 Nxd5 10.
f4 Nd7 11. Qc2 Nxe5 12. dxe5 Re8 13. Rd1 c6 14. Ne4 Qe7 15. Nd6 Red8 16. a3 f6 17. e4 fxe5 18. Nxb7 Qxb7 19. exd5 cxd5 20.
fxe5 Bxe5 21. Qe2 Qg7 22. Kh1 Rd6 23. Re1 Bf6 24. Bf4 Rc6 25. Rac1 Rac8 26. Bxd5 Rxc1 27. Qxe6+ Kh8 28. Rxc1 Rxc1+ 29. Bxc1 1-0

[Event "Mistrovství Čech mládeže 2023 - HD16"]
[Site "Harrachov, Czech Republic"]
[Date "2023.10.23"]
[Round "4.20"]
[White "Tichý, Tomáš"]
[Black "Lána, Vincent"]
[Result "0-1"]
[TimeControl "90m + 30s"]
[WhiteElo "1697"]
[BlackElo "1342"]

1. e4 e6 2. d4 d5 3. Nd2 dxe4 4. Nxe4 Nf6 5. Nxf6+ Qxf6 6. Nf3 h6 7. Be3 Bd6 8. Be2 Bd7 9.
O-O Bc6 10. c4 O-O 11. c5 Bf4 12. Qd2 Bxe3 13. fxe3 Qe7 14. Ne5 Bd5 15. Bh5 g6 16. e4 Bxe4 17. Ng4 Nd7 18. Nxh6+ Kg7 19.
Bf3 Bxf3 20. Rxf3 f5 21. g4 g5 22. gxf5 Kxh6 23. Re1 e5 24. Rh3+ Kg7 25. dxe5 Rxf5 26. e6 Qxc5+ 27. Kh1 Nf6 28.
e7 Qd5+ 29. Qxd5 Rxd5 30. Rhe3 Re8 31. Rf1 Rd6 32. Rf5 g4 33. h3 gxh3 34. Rg3+ Kf7 35. Rxh3 Rxe7 36. Rhf3 Re2 37. Rf1 Rxb2 38.
Rc5 c6 39. Re5 Rxa2 40. Rfe1 Rd7 41. Rf5 Rad2 42. Ree5 R7d5 0-1

[Event "Mistrovství Čech mládeže 2023 - HD16"]
[Site "Harrachov, Czech Republic"]
[Date "2023.10.24"]
[Round "5.1"]
[White "Davídek, Zdeněk"]
[Black "Kučina, Ondřej"]
[Result "1-0"]
[TimeControl "90m + 30s"]
[WhiteElo "2110"]
[BlackElo "1592"]

1. d4 e6 2. c4 f5 3. Nf3 Nf6 4. Bf4 Bb4+ 5. Nbd2 O-O 6. e3 b6 7. Be2 d5 8. O-O Bb7 9. Rc1 Bd6 10.
Bxd6 cxd6 11. b4 dxc4 12. Bxc4 d5 13. Bd3 Qd6 14. Qb3 a6 15. Rc2 Nc6 16. a3 Ne4 17. Rfc1 Rac8 18. Qb2 Ne7 19.
Rxc8 Rxc8 20. Rxc8+ Bxc8 21. Bxe4 fxe4 22. Ne5 Nc6 23. Qc3 Bd7 24. f3 exf3 25. Nxc6 Qxc6 26. Qxc6 Bxc6 27. Nxf3 Be8 28.
Kf2 h6 29. Kg3 Kf7 30. Kf4 Kf6 31. h4 h5 32. Ne5 Bb5 33. Nf3 Bc6 34. Nd2 Ba4 35. Nb1 Bb5 36. Nc3 Bd7 37. e4 Bc6 38.
e5+ Kg6 39. Nd1 Kh6 40. Ne3 Kg6 41. g4 hxg4 42. Kxg4 Bb5 43. Ng2 Be2+ 44. Kf4 Bf1 45. Ne3 Bh3 46. a4 Kh5 47. Kg3 Bf5 48.
Nxf5 exf5 49. Kf4 Kg6 50. h5+ Kf7 51. Kxf5 b5 52. axb5 axb5 53. e6+ 1-0